 Dungeon Crawl Stone Soup version 0.28-a0-172-g787e458d71 (webtiles) character file.

Game seed: 7436040136516647722

5182 finalDestination the Thaumaturge (level 10, 0/70 HPs)
             Began as a Djinni Conjurer on Aug 17, 2021.
             Was a Follower of Makhleb.
             Killed from afar by Erolcha (12 damage)
             ... with a fireball
             ... on level 9 of the Dungeon.
             The game lasted 00:33:46 (10941 turns).

finalDestination the Thaumaturge (Djinni Conjurer) Turns: 10941, Time: 00:33:46

Health: 0/70       AC:  2    Str:  6    XL:     10   Next: 90%
Gold:   0          EV: 15    Int: 22    God:    Makhleb [*.....] SH:  0 Dex: 13

rFire   + + .      SeeInvis .   (no weapon)
rCold   x . .      Faith    .   (no shield)
rNeg    . . .      Spirit   .   a - +0 robe
rPois   ∞          Reflect  .   (no helmet)
rElec   .          Harm     .   (no cloak)
rCorr   .          Rampage  .   (no gloves)
Will    +....                   (boots unavailable)
Stlth   ++........              (no amulet)
HPRegen 0.21/turn               (no ring)
MPRegen 0.00/turn               (no ring)

@: flying
A: sickness immunity, fire resistance 2, cold vulnerability 1, float, innate
caster, hp casting, extra vitality 1
a: Renounce Religion


You were on level 9 of the Dungeon.
You worshipped Makhleb.
Makhleb was aware of your devotion.
You visited 2 branches of the dungeon, and saw 11 of its levels.

Inventory:

Armour
 a - a +0 robe (worn)


   Skills:
 + Level 5.5 Fighting
 + Level 7.3 Dodging
 - Level 1.5 Stealth
 + Level 10.4 Spellcasting


You had 5 spell levels left.
You knew the following spells:

 Your Spells              Type           Power      Damage    Failure   Level
a - Magic Dart            Conj           100%       1d8       1%          1
b - Searing Ray           Conj           100%       3d7       1%          2
c - Dazzling Flash        Conj/Hex       100%       N/A       1%          3
d - Fulminant Prism       Conj/Hex       27%        3d14      1%          4
e - Iskenderun's Mystic   Conj/Tloc      55%        2d12      1%          4
f - Beastly Appendage     Tmut           100%       N/A       1%          1
g - Blink                 Tloc           N/A        N/A       1%          2
h - Tukima's Dance        Hex            55%        N/A       1%          3
i - Petrify               Tmut/Erth      55%        N/A       1%          4
Your spell library was empty.

Dungeon Overview and Level Annotations

Branches:
Dungeon (10/15)            Temple (1/1) D:7
   Lair: D:8-11         Orc: D:9-12

Altars:
Elyvilon
Hepliaklqana
Makhleb
Okawaru
Qazlal
Trog
Uskayaw
Vehumet
Wu Jian
Yredelemnul
The Shining One
Beogh

Shops:
D:5 ?   D:7 :*

Annotations:
D:8 1 runed translucent door, SirDiesAlot's ghost, novice DECj
D:9 Erolcha
D:10 Josephine


Innate Abilities, Weirdness & Mutations

You are immune to sickness and miasma.
You are immune to poison.
Your flesh is very heat resistant. (rF++)
You are vulnerable to cold. (rC-)
You float through the air rather than walking.
You learn spells naturally, not from books.
Your magical power is your life essence.
You have superior vitality. (+4 HP)


Message History

Press: ? - help, Shift-Dir - straight line, f - Erolcha
Aim: Erolcha, wielding a +0 giant club and wearing a +0 robe (wandering, hasn't noticed you, chance to affect: 40%) Erolcha shouts!
Erolcha resists with some effort.
Casting: Petrify (dangerous; 1% risk of failure)
Confirm with . or Enter, or press ? or * to list all spells.
Aiming: Petrify (dangerous; 1% risk of failure)
Press: ? - help, Shift-Dir - straight line, f/p - Erolcha
Aim: Erolcha, wielding a +0 giant club and wearing a +0 robe (chance to affect: 40%) Erolcha resists with some effort.
Erolcha points at you and mumbles some strange words.
The fireball explodes!
The fireball engulfs you! You resist.
* * * LOW HITPOINT WARNING * * *
You hear a bellow! x3
Unknown command.
Casting: Petrify (dangerous; 1% risk of failure)
Confirm with . or Enter, or press ? or * to list all spells.
Aiming: Petrify (dangerous; 1% risk of failure)
Press: ? - help, Shift-Dir - straight line, f/p - Erolcha
Aim: Erolcha, wielding a +0 giant club and wearing a +0 robe (chance to affect: 40%) Erolcha resists with some effort.
* * * LOW HITPOINT WARNING * * *
You hear a bellow!
Casting: Petrify (dangerous; 1% risk of failure)
Confirm with . or Enter, or press ? or * to list all spells.
Aiming: Petrify (dangerous; 1% risk of failure)
Press: ? - help, Shift-Dir - straight line, f/p - Erolcha
Aim: Erolcha, wielding a +0 giant club and wearing a +0 robe (chance to affect: 40%) Erolcha resists with some effort.
* * * LOW HITPOINT WARNING * * *
Erolcha casts a spell.
Erolcha flickers and vanishes!
Unknown command.
Unknown command.
You reach down and open the door.
There is an open door here.
You hear some strange, mumbled words.
A fireball appears from out of thin air!
The fireball explodes!
The fireball engulfs you! You resist.
You die...

#....#..........#....#......
#.##'###..........#....#......
#.................#....#......
+.................######......
#...#########........ .O....
#...#.......#........
#...#.......#{.......
#...#.......#.....#+#
#...#.......'@....#
#...####....#.....#
......######.....#
................+
#............# #............#
#.<..........# #............#
#..............


There were no monsters in sight!

Vanquished Creatures
  A cyclops (D:8)
  Maggie (D:10)
  A wyvern (D:9)
  Eustachio (D:5)
  A steam dragon (D:6)
  Menkaure (D:5)
  2 water moccasins (D:7)
  An acid dragon (D:8)
  3 orc warriors
  A sky beast (D:6)
  4 black bears
  An ice beast (D:8)
  4 centaurs
  2 phantoms (D:5)
  A kobold brigand (D:6)
  2 bullfrogs
  2 scorpions
  A water moccasin zombie (D:5)
  A wyvern skeleton (D:7)
  4 wights (D:8)
  14 killer bees
  A howler monkey (D:7)
  4 centaur zombies
  2 bullfrog zombies
  A centaur skeleton (D:7)
  3 hounds
  6 orc priests
  A jelly (D:8)
  9 orc wizards
  4 iguanas
  3 hound skeletons
  A howler monkey zombie (D:6)
  2 howler monkey skeletons (D:7)
  10 adders
  A shadow imp (D:5)
  A white imp (D:6)
  2 worms
  A dart slug (D:1)
  46 orcs
  2 ball pythons (D:2)
  4 bats
  4 endoplasms
  A giant cockroach (D:1)
  9 goblins
  5 hobgoblins
  2 jackals (D:4)
  A quokka (D:4)
  6 frilled lizards
  21 kobolds
  4 rats
206 creatures vanquished.

Vanquished Creatures (collateral kills)
  An orc warrior (D:9)
  A centaur (D:7)
  2 wights (D:8)
  2 orcs (D:9)
6 creatures vanquished.

Vanquished Creatures (others)
  3 orcs
  60 fulminant prisms
  2 withered plants (D:8)
65 creatures vanquished.

Grand Total: 277 creatures vanquished

Notes
Turn   | Place    | Note
-------+----------+-------------------------------------------
     0 | D:1      | finalDestination the Djinni Conjurer began the quest for
                  | the Orb.
     0 | D:1      | Reached XP level 1. HP: 15/15 MP: 0/0
    10 | D:1      | You are sucked into a shaft and drop 1 floor!
    95 | D:2      | Reached XP level 2. HP: 17/21 MP: 0/0
   489 | D:1      | Reached XP level 3. HP: 23/25 MP: 0/0
   489 | D:1      | Learned a level 1 spell: Beastly Appendage
   592 | D:1      | Found a faded altar of an unknown god.
   671 | D:1      | Reached skill level 4 in Spellcasting
  1751 | D:2      | Reached XP level 4. HP: 28/31 MP: 0/0
  2364 | D:3      | Reached skill level 1 in Fighting
  2393 | D:3      | Reached XP level 5. HP: 27/37 MP: 0/0
  2393 | D:3      | Learned a level 2 spell: Blink
  2954 | D:3      | Reached skill level 5 in Spellcasting
  2954 | D:3      | Reached XP level 6. HP: 30/43 MP: 0/0
  4225 | D:4      | Reached XP level 7. HP: 43/49 MP: 0/0
  4225 | D:4      | Learned a level 3 spell: Tukima's Dance
  4384 | D:4      | Reached skill level 6 in Spellcasting
  5131 | D:5      | Entered Level 5 of the Dungeon
  5150 | D:5      | Found a hazy altar of Hepliaklqana.
  5152 | D:5      | Found a stormy altar of Qazlal.
  5152 | D:5      | Found a hide-covered altar of Uskayaw.
  5347 | D:5      | Found Ozack's Magic Scroll Shop.
  5386 | D:5      | Reached XP level 8. HP: 48/56 MP: 0/0
  5627 | D:5      | Noticed Eustachio
  5627 | D:5      | Noticed Menkaure
  5868 | D:5      | Killed Menkaure
  5870 | D:5      | Killed Eustachio
  6035 | D:5      | Reached skill level 7 in Spellcasting
  6175 | D:5      | Found a white marble altar of Elyvilon.
  6727 | D:6      | Reached XP level 9. HP: 54/62 MP: 0/0
  6727 | D:6      | Learned a level 4 spell: Petrify
  6736 | D:6      | Reached skill level 5 in Dodging
  7239 | D:6      | Found a runed translucent door.
  7383 | D:6      | Reached skill level 8 in Spellcasting
  7974 | D:7      | Reached skill level 9 in Spellcasting
  8267 | D:7      | Reached XP level 10. HP: 60/67 MP: 0/0
  8528 | D:7      | Found a staircase to the Ecumenical Temple.
  8534 | Temple   | Entered the Ecumenical Temple
  8540 | Temple   | Became a worshipper of Makhleb the Destroyer
  8619 | D:7      | Found Bingorph's CLEARANCE SALE! EVERYTHING MUST GO!.
  8710 | D:7      | Found Nosmig's Book Emporium.
  8735 | D:7      | Found a bloodstained altar of Trog.
  9383 | D:8      | Reached skill level 10 in Spellcasting
  9687 | D:8      | Identified the +4 ring mail of the Soldier {rCorr Dex+5}
  9810 | D:8      | Noticed a cyclops
  9905 | D:8      | Killed a cyclops
 10005 | D:8      | Reached * piety under Makhleb
 10044 | D:8      | Found an iron altar of Okawaru.
 10114 | D:8      | Found a runed translucent door.
 10115 | D:8      | Noticed SirDiesAlot's ghost (novice DECj)
 10365 | D:9      | Reached skill level 5 in Fighting
 10669 | D:9      | Noticed a wizard
 10854 | D:9      | Noticed Erolcha
 10878 | D:10     | Entered Level 10 of the Dungeon
 10878 | D:10     | Noticed Maggie
 10886 | D:10     | Noticed Josephine
 10888 | D:10     | Killed Maggie
 10941 | D:9      | Killed from afar by Erolcha

Illustrated notes

Levels and vault maps discovered:
D:1:      dpeg_arrival_chambers_temple_mockup, layout_basic,
          chequers_ecumenical_altar_twisty
D:2:      layout_loops_ring
D:3:      layout_basic, lemuel_flame_loot_1
D:4:      layout_basic, kennysheep_cross_bottleneck, grunt_ministairs_2
D:5:      layout_basic, nicolae_overflow_quartered_altars, serial_shops,
          nicolae_lakefront_shop, uniq_eustachio, uniq_menkaure
D:6:      layout_cave_pools, minmay_misc_feat_columns, lightli_church_of_beogh
D:7:      layout_basic, trog_ov_bears_minmay, minmay_temple_entry_hall,
          serial_shops, shop_statue, nicolae_shop_clearance
D:8:      layout_loops_ring, kennysheep_mini_moat, gammafunk_ghost_grave
D:9:      cheibrodos_wizards_tower, layout_irregular_city, hiddenorc1_lemuel,
          uniq_erolcha
D:10:     layout_cave_pools, uniq_erica, uniq_maggie, uniq_fannar,
          uniq_josephine
Temple:   eino_temple_rhombus

Skill      XL: |  1  2  3  4  5  6  7  8  9 10 |
---------------+-------------------------------+-----
Spellcasting   | 4 5 6 7 9 10 | 10.4
Fighting       | 1 2 3 4 5 |  5.5
Dodging        | 3 4 6 7 |  7.3
Stealth        | |  1.5

Action                   |  1- 3 |  4- 6 |  7- 9 | 10-12 || total
-------------------------+-------+-------+-------+-------++-------
 Cast: Magic Dart        |    41 |    48 |    37 |     5 ||   131
       Searing Ray       |     8 |    19 |    37 |    14 ||    78
       Fulminant Prism   |       |       |    30 |    32 ||    62
       Tukima's Dance    |       |       |     2 |    12 ||    14
       Iskenderun's Myst |       |       |     9 |    16 ||    25
       Petrify           |       |       |     1 |     4 ||     5
Armor: Robe              |       |     2 |     6 |     2 ||    10
Dodge: Dodged            |     5 |     9 |    19 |     6 ||    39

Table legend: (Time is in decaauts)
 A = Elapsed time spent in this place.
 B = Non-inter-level travel time spent in this place.
 C = Inter-level travel time spent in this place.
 D = Time resting spent in this place.
 E = Time spent auto-exploring this place.
 F = Levels seen in this place.
 G = Mean time per level.
                   A        B        C        D        E       F      G
               +--------+--------+--------+--------+--------+-----+--------+
         Total |  10951 |  10598 |    353 |   4306 |   5004 |  11 |  995.5 |
       Dungeon |  10938 |  10590 |    348 |   4306 |   5004 |  10 | 1093.8 |
        Temple |     12 |      7 |      5 |      0 |      0 |   1 |   12.0 |
               +--------+--------+--------+--------+--------+-----+--------+

Top non-repeatable levels by time:
     D:3: 1627 daAuts
     D:8: 1491 daAuts
     D:6: 1474 daAuts
     D:4: 1329 daAuts
     D:2: 1257 daAuts
     D:5: 1231 daAuts
     D:1: 1128 daAuts
     D:7: 1094 daAuts
     D:9: 292 daAuts
  Temple: 12 daAuts
    D:10: 11 daAuts
